 Dungeon Crawl Stone Soup version 0.22-a0-136-g83a10e5 (webtiles) character file.

1397 KristoblXynda the Covert (level 8, -5/69 HPs)
             Began as a Naga Monk on Feb 2, 2018.
             Slain by an iguana (15 damage)
             ... on level 6 of the Dungeon.
             The game lasted 00:16:27 (6766 turns).

KristoblXynda the Covert (Naga Monk)                Turns: 6766, Time: 00:16:28

Health: -5/69      AC: -4    Str: 15    XL:     8   Next: 69%
Magic:  8/8        EV: 12    Int: 11    God:
Gold:   282        SH:  0    Dex: 14    Spells: 7/7 levels left

rFire    . . .     SeeInvis +   u - +4 Vampire's Tooth {vamp}
rCold    + . .     Gourm    .   (no shield)
rNeg     + . .     Faith    .   w - +2 leather armour {MR+}
rPois    +         Spirit   .   (no helmet)
rElec    .         Reflect  .   r - +0 cloak
rCorr    .         Harm     .   (no gloves)
MR       ++...                  (no barding)
Stlth    ++++......             p - amulet of rage
HPRegen  0.21/turn              q - ring of protection from cold
MPRegen  0.11/turn              s - ring of positive energy

@: about to teleport, corroded, very slow
A: large, see invisible, deformed body, poison resistance, slowness 2, slow
metabolism 1, spit poison 1, AC +2
a: Spit Poison, Evoke Berserk Rage


You were on level 6 of the Dungeon.
You were very hungry.

You visited 1 branch of the dungeon, and saw 6 of its levels.

You collected 282 gold pieces.

Inventory:

Hand Weapons
 a - a +1 falchion
 u - the +4 Vampire's Tooth (weapon) {vamp}
   (You found it on level 4 of the Dungeon)

   It inflicts no extra harm, but heals its wielder when it wounds a living foe.
Missiles
 h - 5 javelins (quivered)
Armour
 r - a +0 cloak (worn)
 w - a +2 leather armour of magic resistance (worn)
Jewellery
 p - an amulet of rage (around neck)
 q - a ring of protection from cold (left hand)
 s - a ring of positive energy (right hand)
Wands
 e - a wand of iceblast (12)
 v - a wand of flame (8)
Scrolls
 f - a scroll of enchant weapon
 g - a scroll of teleportation
 l - a scroll of amnesia
 m - 4 scrolls of remove curse
Potions
 o - a potion of mutation
 t - a potion of resistance
 z - a potion of might
Comestibles
 c - 4 rations


   Skills:
 - Level 3.0 Fighting
 + Level 6.1 Long Blades
 + Level 4.0 Armour
 + Level 4.9 Dodging
 + Level 8.6 Stealth


You had 7 spell levels left.
You didn't know any spells.

Dungeon Overview and Level Annotations

Branches:
Dungeon (6/15)
 Temple: D:4-7

Altars:
Hepliaklqana
Kikubaaqudgha
Makhleb
Zin
The Shining One

Annotations:
D:6 Dowan, Duvessa


Innate Abilities, Weirdness & Mutations

You cannot wear boots.
Your serpentine skin is tough. (AC +2)
You have supernaturally acute eyesight. (SInv)
Armour fits poorly on your strangely shaped body.
Your system is resistant to poisons. (rPois)
You cover ground very slowly.
You have a slow metabolism.
You can spit poison.


Message History

Press: ? - help, Shift-Dir - straight line, f - jelly
Aim: a jelly (almost dead)
The puff of flame hits the jelly.
You kill the jelly!
You hear the slow rusting of a very distant drain.
You start resting.
Duvessa, Sister of Dowan comes into view.
She is wielding a short sword.
Duvessa is nearby!
Duvessa is nearby!
Duvessa is nearby!
You barely miss the iguana. The iguana bites you!
* * * LOW HITPOINT WARNING * * *
You hit the iguana but do no damage.
Unknown command.
The iguana barely misses you. The iguana bites you!
* * * LOW HITPOINT WARNING * * *
Okay, then.
As you read the scroll of teleportation, it crumbles to dust.
You feel strangely unstable. The iguana bites you!
You die...

#. ##.## ##.#e#. #.##.#
... ..... <(.#.# #.#
#.#.# #..#.#
#####.#####.#.# #..#.#
#.............# ..#.#
#.############# #.#.#
#.#
###.#.#######.#####.#
#...........l@......#
<.....#.........#######
.....#############
#####


You could see an iguana.

Vanquished Creatures
  The ghost of Kavrick the Slasher, an amateur DsFi (D:5)
  Sigmund (D:4)
  A sky beast (D:2)
  The ghost of GenericJason the Chopper, an amateur MiBe of Trog (D:3)
  A centaur (D:5)
  A scorpion (D:6)
  2 vampire bats (D:4)
  A crimson imp (D:4)
  A centaur zombie (D:5)
  A bullfrog zombie (D:6)
  2 jellies
  2 hounds
  An orc priest (D:3)
  3 orc wizards
  An iguana (D:4)
  2 worker ants (D:4)
  A killer bee zombie (D:6)
  A hound skeleton (D:6)
  A hound zombie (D:5)
  2 howler monkey skeletons
  3 gnolls
  4 adders
  An ooze (D:2)
  2 worms (D:3)
  5 leopard geckos
  9 orcs
  A ball python (D:3)
  10 bats
  8 giant cockroaches
  8 goblins
  8 hobgoblins
  2 jackals (D:1)
  2 quokkas
  7 frilled lizards
  12 kobolds
  A leopard gecko skeleton (D:4)
  A quokka skeleton (D:4)
  8 rats
119 creatures vanquished.

Notes
Turn   | Place    | Note
-------+----------+-------------------------------------------
     0 | D:1      | KristoblXynda the Naga Monk began the quest for the Orb.
     0 | D:1      | Reached XP level 1. HP: 21/21 MP: 1/1
     2 | D:1      | Noticed a human
     2 | D:1      | Noticed a minotaur
     5 | D:1      | Noticed a draconian
     5 | D:1      | Noticed a dwarf
     7 | D:1      | Noticed a demigod
     9 | D:1      | Noticed a demonspawn
     9 | D:1      | Noticed a merfolk
    11 | D:1      | Noticed a ghoul
    11 | D:1      | Noticed a vampire
    13 | D:1      | Noticed a felid
    15 | D:1      | Noticed a vine stalker
    17 | D:1      | Noticed an octopode
    19 | D:1      | Noticed a gargoyle
    19 | D:1      | Noticed an elf
    21 | D:1      | Noticed a naga
    21 | D:1      | Noticed a troll
    23 | D:1      | Noticed a halfling
    23 | D:1      | Noticed a centaur
    25 | D:1      | Noticed a spriggan
    25 | D:1      | Noticed an ogre
    27 | D:1      | Noticed a formicid
    27 | D:1      | Noticed a tengu
   276 | D:1      | Reached XP level 2. HP: 27/28 MP: 2/2
   793 | D:1      | Reached XP level 3. HP: 17/34 MP: 3/3
  1144 | D:1      | Reached skill level 4 in Stealth
  1260 | D:2      | Reached XP level 4. HP: 5/42 MP: 4/4
  1603 | D:2      | Reached skill level 1 in Armour
  1675 | D:2      | Noticed a sky beast
  1695 | D:2      | HP: 2/42 [sky beast (5)]
  1697 | D:2      | Killed a sky beast
  1697 | D:2      | Reached skill level 5 in Stealth
  1697 | D:2      | Reached XP level 5. HP: 3/49 MP: 5/5
  3080 | D:3      | Reached XP level 6. HP: 19/56 MP: 6/6
  3443 | D:3      | Noticed GenericJason's ghost (amateur MiBe)
  3908 | D:3      | Killed GenericJason's ghost
  3908 | D:3      | Reached skill level 6 in Stealth
  4276 | D:4      | Noticed Sigmund
  4293 | D:4      | Killed Sigmund
  4293 | D:4      | Reached XP level 7. HP: 42/62 MP: 7/7
  4553 | D:4      | Reached skill level 5 in Long Blades
  4897 | D:4      | Found a glowing golden altar of the Shining One.
  5001 | D:4      | Found a glowing silver altar of Zin.
  5001 | D:4      | Found a burning altar of Makhleb.
  5002 | D:4      | Noticed a green death
  5002 | D:4      | Noticed an angel
  5066 | D:4      | Reached skill level 7 in Stealth
  5403 | D:4      | Found the +4 Vampire's Tooth {vamp}
  5866 | D:5      | Entered Level 5 of the Dungeon
  5886 | D:5      | Noticed Kavrick's ghost (amateur DsFi)
  5895 | D:4      | Reached XP level 8. HP: 66/69 MP: 8/8
  5998 | D:5      | Killed Kavrick's ghost
  5998 | D:5      | Reached skill level 8 in Stealth
  6364 | D:5      | Found an ancient bone altar of Kikubaaqudgha.
  6365 | D:5      | Found a hazy altar of Hepliaklqana.
  6734 | D:6      | Noticed Dowan
  6749 | D:6      | Noticed Duvessa
  6766 | D:6      | Slain by an iguana

Vault maps used:
D:1:      kb_arrival_jail, serial_bayou_lagoon_a, grunt_decor_arrowhead,
          minmay_misc_feat_x
D:2:      first_ration
D:4:      grunt_temple_overflow_order_and_chaos_2, tso_metal_star,
          minmay_guarded_unrand_vampires_tooth, uniq_sigmund
D:5:      gammafunk_temple_overflow_statue
D:6:      minmay_temple_entry_trees, cheibrodos_sewer_entry_sluice,
          serial_undead, serial_undead_f, serial_undead_d, serial_undead_a,
          serial_undead_e, kennysheep_generic_room_3, uniq_prince_ribbit1,
          uniq_edmund, uniq_menkaure, uniq_duvessa

Skill      XL: |  1  2  3  4  5  6  7  8 |
---------------+-------------------------+-----
Stealth        | 4 5 6 7 8 |  8.6
Armour         | 1 2 3 4 |  4.0
Long Blades    | 4 5 6 |  6.1
Dodging        | 3 4 |  4.9
Fighting       | |  3.0

Action                   |  1- 3 |  4- 6 |  7- 9 || total
-------------------------+-------+-------+-------++-------
Melee: Falchion          |    85 |   214 |   132 ||   431
       Dagger            |       |       |   146 ||   146
Throw: Javelin           |       |     5 |       ||     5
 Abil: Spit Poison       |     9 |    15 |     5 ||    29
Evoke: Wand              |       |       |     1 ||     1
  Use: Potion            |     3 |     5 |     2 ||    10
       Scroll            |       |     1 |    13 ||    14
 Stab: Sleeping          |     1 |     6 |    10 ||    17
  Eat: Chunk             |     1 |     8 |     1 ||    10
       Ration            |       |       |     3 ||     3
Armor: Robe              |     5 |       |       ||     5
       Ring mail         |    14 |    49 |   101 ||   164
       Skin              |       |    32 |       ||    32
       Leather armour    |       |       |    27 ||    27
Dodge: Dodged            |    58 |    94 |   151 ||   303
       Rpst.: Falchion   |    16 |    31 |    32 ||    79

Table legend:
 A = Spawn XP
 B = Non-spawn XP
 C = Spawn XP percentage of total XP
 D = Spawn monster count
 E = Non-spawn monster count
 F = Spawn count percentage of total count
 G = Total turns spent on level
                    A         B        C        D         E        F      G
               +---------+---------+-------+---------+---------+-------+---------
         Total |       0 |    1997 |   0.0 |       0 |     119 |   0.0 |  6766
               +---------+---------+-------+---------+---------+-------+---------
           D:1 |       0 |      68 |   0.0 |       0 |      29 |   0.0 |  1240
           D:2 |       0 |     191 |   0.0 |       0 |      21 |   0.0 |  1802
           D:3 |       0 |     280 |   0.0 |       0 |      25 |   0.0 |  1231
           D:4 |       0 |     714 |   0.0 |       0 |      31 |   0.0 |  1668
           D:5 |       0 |     471 |   0.0 |       0 |       6 |   0.0 |   704
           D:6 |       0 |     273 |   0.0 |       0 |       7 |   0.0 |   121
               +---------+---------+-------+---------+---------+-------+---------
